 Dungeon Crawl Stone Soup version 0.23-a0-151-gf6d1ed2 (webtiles) character file.

11786 Amnesiac the Fighter (level 11, -8/89 HPs)
             Began as a Mummy Abyssal Knight on Sept 8, 2018.
             Was a High Priest of Lugonu.
             Mangled by a komodo dragon (18 damage)
             ... on level 3 of the Lair of Beasts.
             The game lasted 00:20:47 (10411 turns).

Amnesiac the Fighter (Mummy Abyssal Knight)        Turns: 10411, Time: 00:20:47

Health: -8/89      AC: 15    Str: 20    XL:     11   Next: 53%
Magic:  14/14      EV: 10    Int: 11    God:    Lugonu [*****.]
Gold:   226        SH:  7    Dex: 11    Spells: 10/10 levels left

rFire    x . .     SeeInvis .   t - +8 falchion (vamp)
rCold    + . .     Gourm    .   u - +0 shield
rNeg     + + +     Faith    .   p - +2 scale mail {rN+}
rPois    ∞         Spirit   .   z - +1 helmet
rElec    .         Reflect  .   (no cloak)
rCorr    .         Harm     .   (no gloves)
MR       ++...                  e - +2 pair of boots
Stlth    +.........             j - amulet of regeneration
HPRegen  0.64/turn              n - ring of protection from magic
MPRegen  0.14/turn              o - +4 ring of slaying

@: no status effects
A: no food or potions, fire vulnerability, cold resistance 1, negative energy
resistance 3, torment resistance, unbreathing
a: Depart the Abyss, Bend Space, Banish, Corrupt, Enter the Abyss, Renounce
Religion


You were on level 3 of the Lair of Beasts.
You worshipped Lugonu.
Lugonu was extremely pleased with you.
You were not hungry.

You visited 3 branches of the dungeon, and saw 14 of its levels.
You visited the Abyss 1 time.
You also visited: Ossuary.

You collected 226 gold pieces.

Inventory:

Hand Weapons
 b - a +0 blowgun
 t - a +8 vampiric falchion (weapon)
Missiles
 l - 3 poisoned needles
Armour
 e - a +2 pair of boots (worn)
 p - a +2 scale mail of positive energy (worn)
 u - a +0 shield (worn)
 z - a +1 helmet (worn)
Jewellery
 j - an amulet of regeneration (around neck)
 n - a ring of protection from magic (left hand)
 o - a +4 ring of slaying (right hand)
Wands
 a - a wand of iceblast (7)
 h - a wand of digging (14)
 i - a wand of random effects (9)
 w - a wand of paralysis (22)
 x - a wand of flame (49)
 y - a wand of disintegration (18)
Scrolls
 c - 7 scrolls of remove curse {!r}
 d - 4 scrolls of identify {!r}
 f - 4 scrolls of enchant armour {!r}
 g - a scroll of brand weapon {!r}
 k - 3 scrolls of fear {!r}
 m - 2 scrolls of blinking {!r}
 q - a scroll of vulnerability {!r}
 r - a scroll of amnesia {!r}
 s - a scroll of immolation {!r}
Miscellaneous
 v - a sack of spiders


   Skills:
 + Level 9.0 Fighting
   Level 8.2 Short Blades
 + Level 7.2 Armour
 + Level 7.2 Dodging
 - Level 4.0 Stealth
 - Level 4.0 Invocations


You had 10 spell levels left.
You didn't know any spells.
Your spell library contained the following spells:

 Spells                   Type           Power        Failure   Level  Hunger
 Corpse Rot               Necr           N/A          100%        2    N/A
 Stone Arrow              Conj/Erth      #.....       100%        3    N/A
 Leda's Liquefaction      Hex/Erth       #.........   100%        4    N/A
 Summon Forest            Summ/Tloc      #.........   100%        5    N/A
 Summon Hydra             Summ           #.........   100%        7    N/A
 Hydra Form               Tmut           Unusable     N/A         6    N/A

Dungeon Overview and Level Annotations

Branches:
Dungeon (10/15)            Temple (1/1) D:6            Lair (3/6) D:9
 Shoals (0/4) Lair:2       Spider (0/4) Lair:2
    Orc: D:9-12

Altars:
Ashenzari
Cheibriados
Dithmenos
Elyvilon
Fedhas
Gozag
Hepliaklqana
Kikubaaqudgha
Makhleb
Nemelex Xobeh
Okawaru
Qazlal
Ru
Sif Muna
Trog
Uskayaw
Vehumet
Wu Jian
Xom
Yredelemnul
Zin
The Shining One

Annotations:
D:8 Maurice
Lair:1 1 runed door, Otolel's ghost, journeyman MiFi


Innate Abilities, Weirdness & Mutations

You do not eat or drink.
Your flesh is vulnerable to fire.
You are immune to poison.
Your flesh is cold resistant. (rC+)
You are immune to negative energy. (rN+++)
You are immune to unholy pain and torment.
You can survive without breathing.


Message History

The wolf bites you but does no damage. The komodo dragon closely misses you.
You riposte.
You hit the komodo dragon.
The komodo dragon is lightly wounded.
The bullfrog closely misses you. The wolf closely misses you.
You riposte.
You hit the wolf but do no damage. You hit the bullfrog but do no damage.
The bullfrog is severely wounded.
You block the wolf's attack.
The bullfrog hits you but does no damage.
You block the komodo dragon's attack.
You slash the bullfrog!
You feel better.
You kill the bullfrog!
Lugonu accepts your kill. The wolf bites you but does no damage.
The komodo dragon bites you. The wolf bites you but does no damage.
You hit the komodo dragon but do no damage.
The komodo dragon is lightly wounded.
The wolf barely misses you.
The komodo dragon bites you but does no damage.
The komodo dragon closely misses you.
You riposte.
You closely miss the komodo dragon. The wolf bites you.
You hit the komodo dragon but do no damage.
The komodo dragon is lightly wounded.
The wolf barely misses you. The komodo dragon barely misses you.
The komodo dragon bites you. You block the wolf's attack.
The komodo dragon bites you!!
You hit the komodo dragon.
You feel better.
The komodo dragon is lightly wounded.
The wolf barely misses you. x2
The komodo dragon bites you but does no damage. x2
You slash the komodo dragon!
You feel better.
The komodo dragon is moderately wounded.
The wolf bites you. The wolf closely misses you.
You riposte.
Your shield prevents you from hitting the wolf.
The basilisk gazes at you. You resist with almost no effort.
The komodo dragon hisses menacingly.
You block the komodo dragon's attack. The komodo dragon bites you.
The wolf bites you but does no damage. The komodo dragon bites you!
* * * LOW HITPOINT WARNING * * *
The wolf closely misses you.
You slash the wolf!
You feel better.
The wolf is heavily wounded.
The wolf bites you but does no damage. You block the wolf's attack.
You slash the wolf!
You feel better.
You kill the wolf!
Lugonu accepts your kill. The komodo dragon bites you.
Your shield prevents you from hitting the komodo dragon.
Your shield prevents you from hitting the komodo dragon.
You block the komodo dragon's attack.
You hit the komodo dragon.
The komodo dragon is heavily wounded.
The komodo dragon bites you!
* * * LOW HITPOINT WARNING * * *
You block the komodo dragon's attack.
You slash the komodo dragon!
You feel better.
The komodo dragon is heavily wounded.
The komodo dragon bites you!
* * * LOW HITPOINT WARNING * * *
You block the komodo dragon's attack. The komodo dragon bites you!!
* * * LOW HITPOINT WARNING * * *
The komodo dragon bites you!!
You die...

..#.#.... #.#.P.#.
.##.........$.... ........
....... ... ..##......
....... #.... ..##.....#
......# ..#.. #...#.....#
....... #+..P+##........@#
......#
...........P#.#l.##†.....#
..............##l#.†......
................l..l....?.
..........................
..........................
...............#####......
.#####......#.(###.....###
####.......##.....##....#


You could see 2 komodo dragons and a basilisk.

Vanquished Creatures
  An orb spider (Lair:2)
  An elephant (Lair:2)
  A centaur zombie (D:10)
  4 spiny frogs (Lair:2)
  4 komodo dragons
  2 blink frogs (Lair:3)
  3 hippogriffs
  2 basilisks
  A hungry ghost (D:8)
  A warg (D:10)
  7 water moccasins
  An orc warrior (D:6)
  13 porcupines
  A necrophage (D:7)
  An ice beast (D:7)
  2 sky beasts
  4 black bears
  2 ogres
  A wolf (Lair:3)
  A centaur (D:9)
  11 bullfrogs
  2 scorpions
  2 howler monkeys
  6 crimson imps
  A bullfrog zombie (D:8)
  4 hounds
  2 bullfrog skeletons
  6 orc priests
  4 iguanas
  11 orc wizards
  9 worker ants
  2 hound zombies
  2 mummies (Ossuary)
  A hound skeleton (D:4)
  A howler monkey zombie (D:8)
  11 gnolls
  9 adders
  2 shadow imps
  An ooze (D:5)
  An adder skeleton (D:8)
  A worm (D:6)
  4 dart slugs
  4 leopard geckos
  35 orcs
  4 giant cockroaches
  10 goblins
  7 hobgoblins
  16 jackals
  5 kobolds
  7 quokkas
  2 ball pythons (D:2)
  13 bats
  3 frilled lizards
  A giant cockroach zombie (D:6)
  A gnoll skeleton (Ossuary)
  3 gnoll zombies (Ossuary)
  2 goblin skeletons (Ossuary)
  A goblin zombie (Ossuary)
  3 hobgoblin skeletons (Ossuary)
  2 hobgoblin zombies (Ossuary)
  5 kobold skeletons (Ossuary)
  2 orc skeletons (Ossuary)
  4 orc zombies (Ossuary)
  8 rats
  6 rat zombies (Ossuary)
  A plant (D:9)
291 creatures vanquished.

Vanquished Creatures (others)
  A two-headed ogre (D:9)
  2 elephants
  A black mamba (Lair:2)
  2 blink frogs (Lair:3)
  Menkaure (Ossuary)
  An ogre (D:7)
  A jelly (D:7)
  A mummy (Ossuary)
  An orc (D:7)
  A quokka (D:7)
  A gnoll skeleton (Ossuary)
  2 goblin skeletons (Ossuary)
  2 goblin zombies (Ossuary)
  3 hobgoblin skeletons (Ossuary)
  A hobgoblin zombie (Ossuary)
  4 kobold skeletons (Ossuary)
  2 kobold zombies (Ossuary)
  An orc skeleton (Ossuary)
  An orc zombie (Ossuary)
  A rat skeleton (Ossuary)
  3 rat zombies (Ossuary)
  A fungus (D:9)
  A plant (Lair:1)
35 creatures vanquished.

Grand Total: 326 creatures vanquished

Notes
Turn   | Place    | Note
-------+----------+-------------------------------------------
     0 | Abyss:1  | Amnesiac the Mummy Abyssal Knight began the quest for the
                  | Orb.
     0 | Abyss:1  | Reached XP level 1. HP: 18/18 MP: 2/2
     7 | D:1      | Escaped the Abyss
   140 | D:2      | Reached XP level 2. HP: 16/24 MP: 3/3
   398 | D:1      | Reached ** piety under Lugonu
   749 | D:2      | Found an iron altar of Okawaru.
   764 | D:2      | Reached XP level 3. HP: 29/29 MP: 4/4
   868 | D:2      | Reached XP level 4. HP: 34/35 MP: 5/5
   912 | D:2      | Found a burning altar of Makhleb.
   912 | D:2      | Noticed a cacodemon
   963 | D:2      | Found a hazy altar of Hepliaklqana.
  1569 | D:3      | Reached XP level 5. HP: 41/41 MP: 6/6
  1606 | D:3      | Found an ornate altar of the Wu Jian Council.
  1935 | D:3      | Reached *** piety under Lugonu
  2245 | D:4      | Reached skill level 5 in Short Blades
  2477 | D:4      | You fall through a shaft!
  2477 | D:5      | Entered Level 5 of the Dungeon
  2483 | D:5      | Reached XP level 6. HP: 46/47 MP: 7/7
  2862 | D:5      | Reached **** piety under Lugonu
  3222 | D:4      | Found a sacrificial altar of Ru.
  3402 | D:6      | Noticed an orc warrior
  3407 | D:6      | Reached XP level 7. HP: 39/52 MP: 8/8
  3432 | D:6      | Found a shadowy altar of Dithmenos.
  3485 | D:6      | Found a bloodstained altar of Trog.
  3619 | D:6      | Found a staircase to the Ecumenical Temple.
  3625 | Temple   | Entered the Ecumenical Temple
  4228 | D:6      | Reached XP level 8. HP: 58/58 MP: 9/9
  4433 | D:6      | Found a glowing silver altar of Zin.
  4449 | D:6      | Reached skill level 1 in Dodging
  4804 | D:7      | Noticed a hippogriff
  4814 | D:7      | Killed a hippogriff
  4837 | D:7      | Found a sand-covered staircase.
  4858 | Ossuary  | Entered an ossuary
  4877 | Ossuary  | Reached skill level 4 in Fighting
  5027 | Ossuary  | Reached ***** piety under Lugonu
  5053 | Ossuary  | Killed Menkaure
  5272 | D:7      | Found a shimmering altar of Xom.
  5272 | D:7      | Noticed a hippogriff
  5319 | D:6      | Killed a hippogriff
  5364 | D:7      | Reached XP level 9. HP: 66/66 MP: 11/11
  5393 | D:7      | Found a shimmering altar of Xom.
  5672 | D:7      | Found a blossoming altar of Fedhas.
  5677 | D:7      | Found a hide-covered altar of Uskayaw.
  5932 | D:7      | Reached skill level 5 in Fighting
  6076 | D:8      | Found a shimmering altar of Xom.
  6634 | D:9      | Got a translucent shield
  6640 | D:9      | Identified the +1 shield "Ylisuch" {+Blink Int+5 Slay-4}
                  | (You found it on level 9 of the Dungeon)
  6880 | D:9      | Reached skill level 6 in Fighting
  6888 | D:9      | Noticed Maurice
  7000 | D:8      | Reached XP level 10. HP: 61/77 MP: 13/13
  7290 | D:9      | Reached skill level 5 in Armour
  7311 | D:9      | Noticed a two-headed ogre
  7319 | D:9      | Banished a two-headed ogre
  7319 | D:9      | Reached skill level 5 in Dodging
  7393 | D:9      | Found an opulent altar of Gozag.
  7395 | D:9      | Found a bloodstained altar of Trog.
  7491 | D:9      | Found a staircase to the Lair.
  7780 | D:9      | Got a shimmering falchion
  7903 | D:9      | Identified the +4 falchion of Glory {drain, rPois rC- MR+
                  | Int+2} (You found it on level 9 of the Dungeon)
  7931 | D:10     | Entered Level 10 of the Dungeon
  7952 | D:10     | Reached skill level 1 in Stealth
  7960 | D:10     | Reached skill level 7 in Fighting
  7962 | D:10     | HP: 2/79 [orc priest/divine providence (11)]
  8099 | Lair:1   | Entered Level 1 of the Lair of Beasts
  8308 | Lair:1   | Found a runed door.
  8308 | Lair:1   | Noticed Otolel's ghost (journeyman MiFi)
  8922 | Lair:2   | Noticed a spiny frog
  8930 | Lair:2   | Killed a spiny frog
  8936 | Lair:2   | Noticed a spiny frog
  8963 | Lair:2   | Killed a spiny frog
  9005 | Lair:2   | Noticed a spiny frog
  9015 | Lair:2   | Killed a spiny frog
  9019 | Lair:2   | Reached ****** piety under Lugonu
  9022 | Lair:2   | Reached skill level 8 in Fighting
  9022 | Lair:2   | Reached XP level 11. HP: 86/86 MP: 14/14
  9035 | Lair:2   | Found a hole to the Spider Nest.
  9035 | Lair:2   | Noticed an orb spider
  9054 | Lair:2   | Killed an orb spider
  9601 | Lair:2   | Found a staircase to the Shoals.
  9775 | Lair:3   | Noticed a catoblepas
 10023 | Lair:3   | Banished a catoblepas
 10394 | Lair:3   | Reached skill level 9 in Fighting
 10411 | Lair:3   | Mangled by a komodo dragon

Vault maps used:
D:1:      lightli_arrival_chessboard
D:2:      makhleb_altar_promises_db, lemuel_doored_altar,
          okawaru_metal_pillars_1_2
D:3:      corexii_shack_village, marbit_many_paths
D:4:      first_ration, nicolae_ru_the_path_less_chosen
D:5:      kb_forest_paths, minivault_19
D:6:      zin_academy, old_standard_altar, temple_statues, bloody_trog
D:7:      grunt_temple_overflow_open, nicolae_ossuary_entry_ruins,
          xom_confusion_cloud
D:8:      basic_altar
D:9:      nicolae_overflow_hidden_temple, due_lair_maze_entry_diamond,
          uniq_maurice
D:10:     david_orc_3, serial_shops, shop, gammafunk_ghost_hydra_chop,
          blue_anna_alchemist, nicolae_water_bricks
Temple:   jpeg_temple_clearing
Lair:1:   gammafunk_ghost_grave, minivault_11
Lair:2:   elwin_shoals_entry_rocks, nicolae_spider_entry_orb_guardian,
          infiniplex_staircase_pool
Lair:3:   beast_lair_carwin_2
Ossuary:  ossuary_due_pyramid

Skill      XL: |  1  2  3  4  5  6  7  8  9 10 11 |
---------------+----------------------------------+-----
Short Blades   | 2 3 4 5 6 7 8 |  8.2
Dodging        | 3 4 6 7 |  7.2
Invocations    | 3 4 |  4.0
Armour         | 3 4 6 7 |  7.2
Fighting       | 4 6 8 9 |  9.0
Stealth        | 3 4 |  4.0

Action                   |  1- 3 |  4- 6 |  7- 9 | 10-12 || total
-------------------------+-------+-------+-------+-------++-------
Melee: Short sword       |   127 |   279 |       |       ||   406
       Dagger            |       |    52 |   374 |       ||   426
       Falchion          |       |       |   148 |   265 ||   413
Invok: Banish            |       |       |       |    13 ||    13
       Bend Space        |       |       |       |     2 ||     2
Evoke: Wand              |       |       |     4 |       ||     4
  Use: Scroll            |       |     9 |     6 |     4 ||    19
Armor: Leather armour    |    36 |    44 |       |       ||    80
       Ring mail         |    39 |    69 |       |       ||   108
       Scale mail        |       |     1 |   230 |   138 ||   369
Dodge: Dodged            |    90 |   159 |   228 |   113 ||   590
Block: Shield            |       |       |    21 |   119 ||   140
       Rpst.: Falchion   |       |       |    28 |    38 ||    66

Table legend:
 A = Non-vault XP
 B = Vault XP
 C = Vault XP percentage of total XP
 D = Non-vault monster count
 E = Vault monster count
 F = Vault count percentage of total count
                 A         B        C        D         E       F
            +---------+---------+-------+---------+---------+-------
      Total |   14365 |    2473 |  14.7 |     238 |      53 |  18.2
            +---------+---------+-------+---------+---------+-------
        D:1 |      35 |       0 |   0.0 |      18 |       0 |   0.0
        D:2 |     108 |       0 |   0.0 |      21 |       0 |   0.0
        D:3 |      95 |      15 |  13.6 |      32 |       8 |  20.0
        D:4 |     163 |       0 |   0.0 |       7 |       0 |   0.0
        D:5 |     511 |      47 |   8.4 |      30 |       3 |   9.1
        D:6 |     950 |     255 |  21.2 |      28 |       1 |   3.4
        D:7 |    1240 |     129 |   9.4 |      21 |       1 |   4.5
        D:8 |     886 |     609 |  40.7 |      27 |       5 |  15.6
        D:9 |     927 |     445 |  32.4 |      11 |       5 |  31.2
       D:10 |     481 |     243 |  33.6 |       2 |       3 |  60.0
     Lair:1 |    1861 |       0 |   0.0 |      12 |       0 |   0.0
     Lair:2 |    4611 |     575 |  11.1 |      19 |       1 |   5.0
     Lair:3 |    2497 |     116 |   4.4 |      10 |       1 |   9.1
    Ossuary |       0 |      39 | 100.0 |       0 |      25 | 100.0
            +---------+---------+-------+---------+---------+-------
